 Dungeon Crawl Stone Soup version 0.31-a0-345-g1ebeae05c6 (webtiles) character file.

Game seed: 13019103286014437753

2262642 coffeetime the Cryomancer (level 27, 189/189 HPs)
             Began as a Gargoyle Reaver on July 11, 2023.
             Was the Champion of Ashenzari.
             Escaped with the Orb
             ... and 4 runes on July 22, 2023!
             The game lasted 09:12:31 (71606 turns).

coffeetime the Cryomancer (Gargoyle Reaver)        Turns: 71606, Time: 09:12:32

Health: 189/189    AC: 43    Str: 28    XL:     27
Magic:  61/61      EV: 14    Int: 29    God:    Ashenzari [******]
Gold:   3961       SH: 15    Dex:  8    Spells: 11/74 levels left

rFire   + + .        a - +9 demon trident of Ashenzari's Sybil {flame, Self, Fort} (curse)
rCold   + + .        L - +2 kite shield of Ashenzari's Repose {reflect, Comp, Cun} (curse)
rNeg    + + +        w - +6 acid dragon scales of Ouranomancy {rCorr, Alch, Self} (curse)
rPois   ∞            y - +0 hat "Gnosis of Ashenzari" {Drain rPois rF+ rN++, Elem, Fort} (curse)
rElec   +            B - scarf of Ashenzari's Prison {rC+ rF+, Self, Cun} (curse)
rCorr   +            S - +0 pair of gloves "Lashed With Me" {rElec Str+3 Int+4 Stlth+, Bglg, Fort} (curse)
SInv    +            C - +2 pair of boots "Behold Eternity" {Self, Cun} (curse)
Will    ++++.        G - amulet of Ashenzari's Loss {RegenMP, Melee, Elem} (curse)
Stlth   ++           N - ring "Gloom of Ashenzari" {Will++ Str+6 Stlth-, Melee, Elem} (curse)
HPRegen 1.31/turn    R - ring "Perceptive Visionary" {Wiz, Elem, Cun} (curse)
MPRegen 0.77/turn

%: reflection, clarity, wizardry (x1)
@: flying, studying Staves
A: sickness immunity, AC +20, big wings, negative energy resistance 1,
electricity resistance, torment resistance 1, petrification resistance, horns 1,
berserk 1, cold resistance 1, high MP 2, regeneration 1
0: Orb of Zot
}: 4/15 runes: barnacled, slimy, silver, gossamer
a: Renounce Religion, Shatter the Chains


You escaped.
You worshipped Ashenzari.
Ashenzari was exalted by your worship.
You visited 11 branches of the dungeon, and saw 53 of its levels.
You visited the Abyss 3 times.
You also visited: Gauntlet and Ice Cave.

You collected 7943 gold pieces.
You spent 3982 gold pieces at shops.

Inventory:

Hand Weapons
 a - the cursed +9 demon trident of Ashenzari's Sybil (weapon) {flame, Self, Fort}
   (You took it off Urug on level 2 of the Lair of Beasts)

   It has a curse which improves the following skills: Introspection: Fighting
   and Spellcasting.
   Fortitude: Armour and Shields.
Missiles
 h - 30 poisoned darts
 n - 8 boomerangs of dispersal
 D - 24 silver javelins
 J - 9 throwing nets
 X - 17 curare-tipped darts
 Y - 9 silver boomerangs
Armour
 w - the cursed +6 acid dragon scales of Ouranomancy (worn) {rCorr, Alch, Self}
   (You found it on level 13 of the Dungeon)

   rCorr:     It protects you from acid and corrosion.
   It has a curse which improves the following skills: Alchemy: Poison Magic and
   Transmutations.
   Introspection: Fighting and Spellcasting.
 y - the cursed +0 hat "Gnosis of Ashenzari" (worn) {Drain rPois rF+ rN++, Elem, Fort}
   (You found it in a Gauntlet)

   rF:        It protects you from fire.
   rPois:     It protects you from poison.
   rN:        It greatly protects you from negative energy.
   Drain:     It drains your maximum health when unequipped.
   It has a curse which improves the following skills: Elements: Fire Magic, Ice
   Magic, Air Magic and Earth Magic.
   Fortitude: Armour and Shields.
 B - the cursed scarf of Ashenzari's Prison (worn) {rC+ rF+, Self, Cun}
   (You found it on level 4 of the Dungeon)

   It has a curse which improves the following skills: Introspection: Fighting
   and Spellcasting.
   Cunning:   Dodging and Stealth.
 C - the cursed +2 pair of boots "Behold Eternity" (worn) {Self, Cun}
   (You found it on level 1 of the Lair of Beasts)

   It has a curse which improves the following skills: Introspection: Fighting
   and Spellcasting.
   Cunning:   Dodging and Stealth.
 L - the cursed +2 kite shield of Ashenzari's Repose (worn) {reflect, Comp, Cun}
   (You took it off a tengu warrior on level 14 of the Dungeon)

   It has a curse which improves the following skills: Companions: Summonings
   and Necromancy.
   Cunning:   Dodging and Stealth.
 S - the cursed +0 pair of gloves "Lashed With Me" (worn) {rElec Str+3 Int+4 Stlth+, Bglg, Fort}
   (You acquired it on level 5 of the Lair of Beasts)

   Str:       It affects your strength (+3).
   Int:       It affects your intelligence (+4).
   rElec:     It insulates you from electricity.
   Stlth:     It makes you more stealthy.
   It has a curse which improves the following skills: Beguiling: Conjurations,
   Hexes and Translocations.
   Fortitude: Armour and Shields.
Jewellery
 G - the cursed amulet of Ashenzari's Loss (around neck) {RegenMP, Melee, Elem}
   (You found it on level 2 of the Lair of Beasts)

   [amulet of magic regeneration]

   It increases your rate of magic regeneration.
   It has a curse which improves the following skills: Melee Combat: Short
   Blades, Long Blades, Axes, Maces & Flails, Polearms, Staves and Unarmed
   Combat.
   Elements:  Fire Magic, Ice Magic, Air Magic and Earth Magic.
 N - the cursed ring "Gloom of Ashenzari" (left hand) {Will++ Str+6 Stlth-, Melee, Elem}
   (You took it off a deep elf death mage on level 3 of the Elven Halls)

   [ring of strength]

   Str:       It affects your strength (+6).
   Will:      It greatly increases your willpower.
   Stlth:     It makes you less stealthy.
   It has a curse which improves the following skills: Melee Combat: Short
   Blades, Long Blades, Axes, Maces & Flails, Polearms, Staves and Unarmed
   Combat.
   Elements:  Fire Magic, Ice Magic, Air Magic and Earth Magic.
 R - the cursed ring "Perceptive Visionary" (right hand) {Wiz, Elem, Cun}
   (You found it on level 8 of the Dungeon)

   [ring of wizardry]

   It improves your spell success rate.
   It has a curse which improves the following skills: Elements: Fire Magic, Ice
   Magic, Air Magic and Earth Magic.
   Cunning:   Dodging and Stealth.
Wands
 c - a wand of light (37)
 e - a wand of digging (30)
 x - a wand of charming (48)
 M - a wand of mindburst (11) (quivered)
 O - a wand of polymorph (20)
 V - a wand of iceblast (36)
Scrolls
 d - 5 scrolls of fog
 f - 8 scrolls of fear
 g - 2 scrolls of blinking
 j - a scroll of torment
 l - 8 scrolls of immolation
 m - 9 scrolls of revelation
 s - 7 scrolls of poison
 t - 9 scrolls of teleportation
 A - 9 scrolls of vulnerability
 Q - 4 scrolls of silence
 U - 5 scrolls of butterflies
Potions
 i - 9 potions of might
 k - a potion of berserk rage
 p - 13 potions of brilliance
 q - 9 potions of attraction
 r - 20 potions of curing
 v - 3 potions of resistance
 z - 4 potions of heal wounds
 F - 2 potions of magic
 I - 3 potions of cancellation
 P - 5 potions of ambrosia
 T - 7 potions of lignification
 Z - 3 potions of mutation
Miscellaneous
 u - a phial of floods


   Skills:
 + Level 18.5(23.9) Fighting
 - Level 3.7(6.9) Maces & Flails
 - Level 7.8(11.4) Polearms
 - Level 0.7 Throwing
 - Level 12.7(17.4) Armour
 - Level 5.8(11.2) Dodging
 - Level 7.7(13.3) Stealth
 - Level 12.0(16.7) Shields
 - Level 18.6(24.0) Spellcasting
 - Level 5.1(7.5) Conjurations
 - Level 5.0(7.3) Hexes
 - Level 6.8(9.3) Summonings
 + Level 15.0(17.4) Necromancy
 - Level 2.3(4.3) Transmutations
 - Level 3.0(7.5) Fire Magic
 + Level 21.8(27) Ice Magic
 - Level 6.5(12.0) Earth Magic
 - Level 15.3 Evocations
 - Level 1.9 Shapeshifting


You had 11 spell levels left.
You knew the following spells:

 Your Spells              Type           Power      Damage    Failure   Level
a - Simulacrum            Ice/Necr       52%        N/A       0%          6
b - Dispel Undead         Necr           94%        3d30      0%          4
c - Swiftness             Air            39%        N/A       1%          3
d - Ozocubu's Armour      Ice            100%       N/A       0%          3
e - Passwall              Tmut/Erth      58%        N/A       1%          2
f - Freezing Cloud        Conj/Ice/Air   40%        6-21      1%          5
g - Borgnjor's Revivific  Necr           47%        N/A       2%          8
h - Ozocubu's Refrigerat  Ice            56%        4d20      0%          7
i - Yara's Violent Unrav  Hex/Tmut       31%        3d13      1%          5
j - Leda's Unmaking       Conj/Erth      37%        9d7       1%          6
k - Haunt                 Necr/Summ      42%        N/A       1%          7
l - Blink                 Tloc           72%        N/A       1%          2
m - Borgnjor's Vile Clut  Necr/Erth      44%        N/A       1%          5

Your spell library contained the following spells:

 Spells                   Type           Power      Damage    Failure   Level
 Kiss of Death            Conj/Necr      100%       2d13      0%          1
 Sandblast                Erth           100%       2d20      0%          1
 Ensorcelled Hibernation  Hex/Ice        100%       N/A       0%          2
 Hailstorm                Conj/Ice       94%        3d19      0%          3
 Animate Dead             Necr           94%        N/A       0%          4
 Sting                    Tmut/Pois      100%       1d8       1%          1
 Summon Small Mammal      Summ           100%       N/A       1%          1
 Momentum Strike          Conj/Tloc      100%       3d10      1%          2
 Poisonous Vapours        Pois/Air       76%        N/A       1%          2
 Scorch                   Fire           100%       2d9       1%          2
 Searing Ray              Conj           100%       2d8       1%          2
 Static Discharge         Conj/Air       100%       2-7/arc   1%          2
 Call Canine Familiar     Summ           73%        N/A       1%          3
 Ignite Poison            Fire/Tmut/Pois 55%        N/A       1%          3
 Inner Flame              Hex/Fire       67%        N/A       1%          3
 Portal Projectile        Hex/Tloc       100%       N/A       1%          3
 Stone Arrow              Conj/Erth      100%       3d13      1%          3
 Summon Guardian Golem    Hex/Summ       70%        N/A       1%          3
 Tukima's Dance           Hex            67%        N/A       1%          3
 Volatile Blastmotes      Fire/Tloc      100%       2d18      1%          3
 Anguish                  Hex/Necr       41%        N/A       1%          4
 Cause Fear               Hex            33%        N/A       1%          4
 Flame Wave               Conj/Fire      68%        2d15      1%          4
 Fulminant Prism          Conj/Hex       33%        3d16      1%          4
 Iskenderun's Mystic Bla  Conj/Tloc      55%        2d12      1%          4
 Leda's Liquefaction      Hex/Erth       37%        N/A       1%          4
 Petrify                  Tmut/Erth      70%        N/A       1%          4
 Sticky Flame             Conj/Fire      68%        2d8       1%          4
 Summon Lightning Spire   Summ/Air       59%        N/A       1%          4
 Irradiate                Conj/Tmut      31%        3d22      1%          5
 Iskenderun's Battlesphe  Conj           68%        2d12      1%          5
 Metabolic Englaciation   Hex/Ice        47%        N/A       1%          5
 Summon Mana Viper        Hex/Summ       70%        N/A       1%          5
 Death Channel            Necr           47%        N/A       1%          6
 Arcjolt                  Conj/Air       28%        1d38      2%          5
 Silence                  Hex/Air        28%        N/A       2%          5
 Infestation              Necr           47%        N/A       2%          8
 Airstrike                Air            19%        2d(3-19)  4%          4
 Manifold Assault         Tloc           36%        N/A       4%          4
 Olgreb's Toxic Radiance  Pois           36%        N/A       4%          4
 Passage of Golubria      Tloc           36%        N/A       4%          4
 Alistair's Intoxication  Tmut/Pois      32%        N/A       6%          5
 Spellforged Servitor     Conj/Summ      35%        N/A       14%         7
 Enfeeble                 Hex            33%        N/A       22%         7
 Eringya's Noxious Bog    Tmut/Pois      24%        4d6       32%         6
 Death's Door             Necr           47%        N/A       38%         9
 Lehudib's Crystal Spear  Conj/Erth      37%        10d9      52%         8
 Ignition                 Fire           34%        3d10      80%         8
 Discord                  Hex            33%        N/A       83%         8
 Shatter                  Erth           40%        3d32*     98%         9
 Chain Lightning          Conj/Air       28%        3d37      100%        9
 Fire Storm               Conj/Fire      34%        8d9       100%        9
 Sublimation of Blood     Necr           Unusable   N/A       N/A         2
 Cigotuvi's Dreadful Rot  Necr/Pois/Air  Unusable   N/A       N/A         2

Dungeon Overview and Level Annotations

Branches:
Dungeon (15/15)            Temple (1/1) D:5            Lair (5/5) D:10
 Shoals (4/4) Lair:2       Spider (4/4) Lair:2        Slime (5/5) Lair:5
    Orc (2/2) D:11            Elf (3/3) Orc:2        Vaults (5/5) D:13
  Crypt (0/3) Vaults:3     Depths (4/4) D:15            Zot (5/5) Depths:4
  IceCv (visited)         Gauntlet (visited)

Altars:
Ashenzari
Cheibriados
Dithmenos
Elyvilon
Fedhas
Gozag
Hepliaklqana
Kikubaaqudgha
Makhleb
Nemelex Xobeh
Okawaru
Qazlal
Ru
Sif Muna
Trog
Uskayaw
Vehumet
Wu Jian
Xom
Yredelemnul
Zin
The Shining One
Jiyva

Shops:
D:5 (   Orc:2 [=:?   Shoals:1 =[?   Vaults:2 [   Vaults:4 ?[**   Depths:2 =*((

Portals:
Hell: Depths:1 Depths:2 Depths:3 Depths:4
Abyss: Depths:3 Depths:4
Pandemonium: Depths:2 Depths:4
Ziggurat: Depths:1

Annotations:
D:12 1 runed translucent door
D:14 Rupert
Lair:5 exclusion: ice statue
Shoals:2 Bai Suzhen
Shoals:3 Ilsuiw
Spider:2 mara downstairs
Spider:3 Mara
Elf:2 5 runed translucent doors, exclusion: 5 doors
Depths:1 3 runed translucent doors, Xutext's ghost, adept DsAK
Depths:4 2 transporters, Walofim's ghost, adept DrSh


Innate Abilities, Weirdness & Mutations

You are immune to sickness and miasma.
Your stone body is resilient. (AC +20)
You are immune to poison.
Your large and strong wings let you fly.
You resist negative energy. (rN+)
You are resistant to electric shocks. (rElec)
You are resistant to unholy torment.
You are immune to petrification.
You have a pair of small horns on your head.
You sometimes lose your temper in combat.
Your flesh is cold resistant. (rC+)
You have a considerably increased reservoir of magic. (+20% MP)
Your natural rate of healing is unusually fast.


Message History

The rock shatters into small pieces.
There is a stone staircase leading up here.
You fly upwards.
There is a stone staircase leading down here.
You fly downwards.
There is a stone staircase leading up here.
There is a stone staircase leading up here.
You fly upwards.
There is a stone staircase leading down here.
There is an escape hatch in the ceiling here.
A mysterious force pulls you upwards. The hatch slams shut behind you.
You see here a +0 dagger.
A tormentor comes into view.
The tormentor struggles to resist.
The tormentor hits you but does no damage.
You block the tormentor's attack.
The tormentor's mind is blasted!!
You block the tormentor's attack. x2
The tormentor barely misses you. You block the tormentor's attack.
The tormentor struggles to resist.
You block the tormentor's attack. x2
The tormentor's mind is blasted!!
You blow up the tormentor!
You see here a +0 club.
Items here: )))).
There is a stone staircase leading up here.
You fly upwards.
There is a stone staircase leading down here.
Aiming: Dig
Press: ? - help, Shift-Dir - straight line A rock wall.
This square is covered in magical glow.
The rock shatters into small pieces.
Aiming: Dig
Press: ? - help, Shift-Dir - straight line You can't see that place.
The rock shatters into small pieces.
There is an open gate here.
There is an open door here.
There is a staircase leading out of the dungeon here.
You can't go down here!
You have escaped!

################### ♣♣♣♣
#....#.......#....# ♣♣♣⌠.♣
#.@..'.......#..⌠.# ##### ♣...♣♣
#....#...⌠...#....# ##...#♣♣...♣♣
#....#.8...8.'....#
...#.#♣.....♣♣###..#.......#..###
##...#♣......♣.♣####..8.8..####
##.##..........♣♣ #.......# ♣♣♣#
#..............♣♣###...###♣♣..#
#########..♣....♣♣♣#'''#♣♣...♣#
#.# ######................#


There were no monsters in sight!

Vanquished Creatures
  the Royal Jelly (Slime:5)
  Dissolution (Slime:5)
  A dread lich (Zot:5)
  3 Killer Klowns (Zot:5)
  Saint Roka (Depths:3)
  4 caustic shrikes (Depths:4)
  Nikola (Spider:3)
  5 golden dragons
  A Tzitzimitl (D:8)
  An electric golem (Zot:5)
  10 tentacled monstrosities
  3 liches
  2 deep elf master archers (Elf:3)
  23 Orb Guardians
  3 deep elf blademasters
  4 quicksilver dragons
  5 death cobs
  3 titans (Vaults:5)
  20 acid blobs
  2 Executioners
  3 sphinxes
  Frances (D:14)
  10 shadow dragons
  7 storm dragons
  Donald (Orc:2)
  5 tengu reavers
  Roxanne (Shoals:1)
  12 rockslimes
  2 draconian monks
  10 azure jellies
  3 draconian knights
  6 fire giants
  2 draconian scorchers
  6 deep elf sorcerers
  6 emperor scorpions
  15 vault wardens
  A balrug (Depths:1)
  A frost giant (Vaults:5)
  6 ghost moths
  2 deep elf elementalists (Elf:3)
  Aizul (Spider:1)
  4 spectral caustic shrikes (Depths:3)
  19 very ugly things
  3 draconian shifters
  An orc warlord (Depths:3)
  A draconian stormcaller (Zot:5)
  A draconian annihilator (Zot:5)
  A reaper (Depths:2)
  15 ironbound preservers
  8 stone giants
  2 broodmothers (Spider:2)
  11 ironbound thunderhulks
  13 formless jellyfish
  12 quicksilver oozes
  6 deep elf annihilators
  Azrael (Spider:2)
  6 green draconians
  6 red draconians
  25 dire elephants
  4 deep elf demonologists
  7 black draconians
  4 yellow draconians
  7 purple draconians
  4 white draconians
  9 deep elf death magi
  4 minotaurs
  Snorg (Lair:4)
  9 ettins
  7 spark wasps
  3 blizzard demons
  3 fire dragons
  2 merfolk impalers (Shoals:4)
  A jiangshi (Vaults:3)
  9 entropy weavers
  12 yaktaur captains
  A merfolk javelineer (Shoals:3)
  11 great orbs of eyes
  28 vault guards
  A hell beast (D:8)
  Erolcha (Orc:2)
  4 deep elf high priests
  2 ice dragons
  4 jorogumos
  2 ogre magi (Vaults:5)
  3 hydras
  2 merfolk aquamancers
  An alligator snapping turtle (Shoals:4)
  2 merfolk avatars
  A catoblepas (Lair:5)
  9 boulder beetles
  A radroach (Spider:2)
  10 satyrs (Shoals:4)
  6 ironbound frosthearts
  8 two-headed ogres
  7 centaur warriors
  14 dancing weapons
  5 deep troll earth magi
  4 hell hogs (Depths:1)
  7 demonic crawlers
  7 death scarabs (Spider:4)
  7 hell knights
  A thrashing horror (Abyss:1)
  7 tengu warriors
  2 deep troll shamans
  7 death yaks (Lair:5)
  An orc high priest (Orc:2)
  Urug (Lair:2)
  A spriggan berserker (Depths:4)
  A vampire mage (Vaults:3)
  2 sun demons
  9 deep elf knights
  6 soul eaters
  6 skeletal warriors
  A skyshark (shapeshifter) (Depths:3)
  5 pharaoh ants
  A goliath frog (shapeshifter) (Vaults:5)
  3 iron trolls
  4 skysharks
  An obsidian statue (IceCv)
  A sun moth (Spider:4)
  52 deep trolls
  A golden dragon zombie (Depths:3)
  7 sea snakes
  A flayed ghost (Depths:1)
  2 glowing orange brains
  A spriggan druid (Elf:1)
  15 deep elf archers
  A bog body (IceCv)
  8 orb spiders
  13 wizards
  5 phantasmal warriors (Vaults:5)
  15 ironbound convokers
  2 harpies (shapeshifter) (Vaults:5)
  10 steelbarb worms
  A tengu zombie (Depths:3)
  7 spriggan simulacra (IceCv)
  4 lindwurms
  6 necromancers
  A golden dragon skeleton (Depths:3)
  A spectral wolf spider (Spider:4)
  32 harpies
  21 deep elf zephyrmancers
  26 deep elf pyromancers
  2 spectral jorogumos (Spider:4)
  14 wolf spiders
  20 orc knights
  A mana viper (shapeshifter) (Vaults:5)
  6 orc sorcerers
  33 ugly things
  A broodmother zombie (Spider:4)
  8 cyclopes
  6 shining eyes
  A cyclops (shapeshifter) (Vaults:5)
  9 moths of wrath
  18 fauns
  7 merfolk sirens
  13 vault sentinels
  10 elephants (Lair:5)
  12 manticores
  2 rust devils
  An orange demon (D:13)
  A smoke demon (Depths:1)
  2 water nymphs
  A fire giant skeleton (Depths:3)
  2 gargoyles
  3 eyes of devastation
  14 cane toads
  Maggie (D:6)
  5 unseen horrors
  3 torpor snails
  7 spectral redbacks (Spider:4)
  A kobold demonologist (D:9)
  2 rime drakes
  14 ice devils (IceCv)
  5 komodo dragons
  A human zombie (Vaults:2)
  2 tormentors
  A freezing wraith (D:15)
  23 yaktaurs
  2 redback zombies (Spider:4)
  An anaconda simulacrum (IceCv)
  4 tengu conjurers
  A yaktaur skeleton (Vaults:2)
  8 polar bears
  A queen bee (D:9)
  3 golden dragon simulacra (IceCv)
  A meliai (Abyss:1)
  16 merfolk
  3 wind drakes
  A hellwing (Depths:2)
  7 trolls
  18 tarantellas
  4 hornets
  2 spectral culicivoras (Spider:4)
  4 spectral jumping spiders (Spider:4)
  3 spectral tarantellas (Spider:4)
  2 dream sheep (Shoals:4)
  A tarantella zombie (Spider:4)
  13 blink frogs
  11 snapping turtles
  130 slime creatures
  34 jumping spiders
  An ettin zombie (Vaults:2)
  2 spriggans (Depths:4)
  8 flying skulls (Gauntlet)
  3 shadows
  2 air elementals
  17 culicivoras
  2 dire elephant simulacra (IceCv)
  45 yaks
  4 wyverns
  4 wraiths
  A ynoxinul (Abyss:3)
  4 nameless horrors
  3 basilisks
  7 fire elementals
  6 water elementals
  6 fire bats (Gauntlet)
  10 minotaur simulacra (IceCv)
  Eustachio (D:4)
  6 golden eyes
  40 redbacks
  4 harpy simulacra (IceCv)
  3 acid dragons
  20 water moccasins
  3 hell hounds
  A glowing shapeshifter skeleton (Vaults:2)
  24 orc warriors
  10 ice beasts
  6 black bears
  An ettin simulacrum (IceCv)
  4 ogres
  2 sky beasts (D:8)
  2 alligator simulacra (IceCv)
  3 large abominations (Abyss:1)
  10 wolves
  A tengu (Spider:4)
  2 centaurs
  3 phantoms
  A small abomination (Abyss:1)
  2 kobold brigands (D:10)
  Blork the orc (D:6)
  8 bullfrogs
  4 gnoll sergeants
  A human simulacrum (Vaults:2)
  4 deep troll simulacra (IceCv)
  2 earth elementals
  A wight (D:10)
  36 killer bees
  4 troll zombies (D:11)
  3 lindwurm simulacra (IceCv)
  5 electric eels
  2 jellies
  7 howler monkeys
  2 lava snakes (D:15)
  22 orc priests
  2 hounds
  2 gnoll boudas
  Terence (D:2)
  32 orc wizards
  4 iguanas
  3 sleepcaps
  4 ogre zombies (D:11)
  Robin (D:1)
  21 gnolls
  10 adders
  2 white imps
  An ufetubus (D:5)
  2 worms
  2 dart slugs
  66 orcs
  6 endoplasms
  5 giant cockroaches
  13 goblins
  13 hobgoblins
  4 jackals (D:1)
  4 kobolds
  3 quokkas
  4 ball pythons
  8 bats
  7 frilled lizards
  2 goblin skeletons (D:11)
  2 goblin zombies (D:11)
  3 hobgoblin skeletons (D:11)
  3 hobgoblin zombies (D:11)
  2 orc skeletons (D:11)
  13 orc zombies
  5 rats
2004 creatures vanquished.

Vanquished Creatures (collateral kills)
  A juggernaut (Depths:4)
  Xtahua (Vaults:5)
  A lich (Depths:3)
  A death cob (Zot:4)
  A frost giant (Depths:2)
  A draconian scorcher (Zot:4)
  A draconian shifter (Zot:4)
  3 orc warlords
  A stone giant (Depths:1)
  2 draconian annihilators
  A purple draconian (Depths:4)
  2 fire dragons (Depths:2)
  A great orb of eyes (Vaults:3)
  3 ice dragons
  A merfolk avatar (Shoals:2)
  A satyr (Shoals:3)
  A tengu warrior (Depths:2)
  A soul eater (Depths:2)
  A skyshark (Shoals:2)
  2 orc knights (Depths:3)
  3 harpies (Shoals:3)
  2 manticores
  3 merfolk sirens
  2 fauns (Shoals:3)
  5 merfolk
  A wind drake (Shoals:3)
  A water elemental (Shoals:3)
  A sky beast (Shoals:2)
45 creatures vanquished.

Vanquished Creatures (others)
  A storm dragon (Zot:5)
  A white draconian (Zot:4)
  A yellow draconian (Zot:5)
  A hell knight (Depths:4)
  A deep elf knight (Depths:3)
  A sun moth (Spider:3)
  A manticore (Shoals:4)
  An orc wizard (Orc:2)
  A quokka (Depths:3)
  59 fulminant prisms
68 creatures vanquished.

Grand Total: 2117 creatures vanquished

Notes
Turn   | Place    | Note
-------+----------+-------------------------------------------
     0 | D:1      | coffeetime the Gargoyle Reaver began the quest for the Orb.
     0 | D:1      | Reached XP level 1. HP: 12/12 MP: 3/3
   198 | D:1      | Reached XP level 2. HP: 15/17 MP: 5/5
   530 | D:1      | Reached XP level 3. HP: 18/22 MP: 6/6
   972 | D:2      | Noticed Robin
   994 | D:2      | Reached skill level 1 in Armour
  1022 | D:1      | Killed Robin
  1063 | D:2      | Learned a level 2 spell: Momentum Strike
  1132 | D:2      | Noticed Terence
  1147 | D:2      | Killed Terence
  1148 | D:2      | Reached XP level 4. HP: 5/26 MP: 5/7
  1280 | D:2      | Learned a level 3 spell: Hailstorm
  1561 | D:2      | Reached XP level 5. HP: 25/29 MP: 8/8
  1631 | D:2      | Reached skill level 1 in Ice Magic
  2550 | D:3      | Found a broken altar of Ashenzari.
  2594 | D:3      | Saw a vision of the Shoals and the Spider Nest.
  2594 | D:3      | Noticed a tarantella
  2594 | D:3      | Noticed a jumping spider
  2594 | D:3      | Noticed a moth of wrath
  2594 | D:3      | Noticed a snapping turtle
  2594 | D:3      | Noticed a merfolk siren
  2594 | D:3      | Noticed a sea snake
  2594 | D:3      | Noticed a skyshark
  2594 | D:3      | Noticed a redback
  2594 | D:3      | Noticed a merfolk
  2594 | D:3      | Noticed a manticore
  2594 | D:3      | Noticed a wolf spider
  2594 | D:3      | Noticed a jumping spider
  2594 | D:3      | Noticed a water elemental
  2594 | D:3      | Noticed a pharaoh ant
  2594 | D:3      | Noticed a snapping turtle
  2594 | D:3      | Noticed a redback
  2594 | D:3      | Noticed a wind drake
  2594 | D:3      | Noticed a meliai
  2596 | D:3      | Noticed a culicivora
  2596 | D:3      | Noticed a pharaoh ant
  2597 | D:3      | Noticed a moth of wrath
  2598 | D:3      | Became a worshipper of Ashenzari the Shackled
  2598 | D:3      | Noticed a jumping spider
  2624 | D:3      | Found a faded altar of an unknown god.
  2834 | D:3      | Reached XP level 6. HP: 20/34 MP: 7/9
  3065 | D:4      | Noticed Eustachio
  3502 | D:5      | Entered Level 5 of the Dungeon
  3538 | D:4      | You fall into a shaft and drop 2 floors!
  3748 | D:4      | Found a basalt altar of Yredelemnul.
  3807 | D:4      | Found a sparkling altar of Nemelex Xobeh.
  3808 | D:4      | Found an opulent altar of Gozag.
  3980 | D:5      | Noticed an ice beast
  4134 | D:5      | Reached XP level 7. HP: 44/44 MP: 10/10
  4346 | D:4      | Killed Eustachio
  4347 | D:4      | Reached skill level 1 in Stealth
  4347 | D:4      | Reached skill level 2 in Ice Magic
  4433 | D:4      | HP: 2/44 [gnoll sergeant/+2 trident of flaming (2)]
  4435 | D:4      | Reached skill level 5 in Fighting
  5090 | D:5      | Found a staircase to the Ecumenical Temple.
  5241 | D:5      | Reached XP level 8. HP: 46/51 MP: 11/11
  5389 | D:5      | Found Setyutin's Antique Weapon Boutique.
  5513 | Temple   | Entered the Ecumenical Temple
  5897 | D:6      | Noticed Maggie
  5944 | D:6      | Killed Maggie
  5945 | D:6      | Reached skill level 1 in Shields
  5945 | D:6      | Reached skill level 3 in Ice Magic
  6024 | D:6      | Reached skill level 5 in Conjurations
  6065 | D:6      | Reached skill level 5 in Armour
  6177 | D:6      | Reached XP level 9. HP: 55/57 MP: 12/12
  6255 | D:6      | Reached * piety under Ashenzari
  6314 | D:6      | Noticed Blork the orc
  6322 | D:6      | Learned a level 3 spell: Ozocubu's Armour
  6331 | D:6      | Killed Blork the orc
  6372 | D:6      | Found a blossoming altar of Fedhas.
  7167 | D:8      | Found a shimmering altar of Xom.
  7176 | D:8      | Learned a level 2 spell: Passwall
  7255 | D:8      | Reached skill level 4 in Ice Magic
  7289 | D:8      | Reached skill level 1 in Earth Magic
  7347 | D:8      | Found an iron altar of Okawaru.
  7499 | D:8      | Noticed a troll
  7527 | D:7      | Found a radiant altar of Vehumet.
  7571 | D:7      | Found a hide-covered altar of Uskayaw.
  7950 | D:7      | Noticed a four-headed hydra
  8401 | D:9      | Reached XP level 10. HP: 60/68 MP: 8/13
  8575 | D:9      | Noticed a kobold demonologist
  8605 | D:9      | Noticed a smoke demon
  8610 | D:9      | Killed a kobold demonologist
  8611 | D:9      | Reached skill level 5 in Shields
  8743 | D:9      | Found an ornate altar of the Wu Jian Council.
  8864 | D:9      | Found a burning altar of Makhleb.
  8963 | D:9      | Reached ** piety under Ashenzari
  8972 | D:9      | Found a shimmering blue altar of Sif Muna.
  9171 | D:9      | Reached skill level 5 in Ice Magic
  9381 | D:9      | Reached skill level 10 in Fighting
  9902 | D:10     | Entered Level 10 of the Dungeon
  9926 | D:10     | Reached skill level 1 in Hexes
 10016 | D:8      | Found a transporter.
 10016 | D:8      | Found a transporter.
 10352 | D:8      | Reached skill level 5 in Stealth
 10596 | D:8      | Noticed a centaur warrior
 10888 | D:10     | Reached XP level 11. HP: 74/76 MP: 13/15
 11035 | D:10     | Reached skill level 6 in Ice Magic
 11129 | D:10     | Found a staircase to the Lair.
 11330 | D:10     | Noticed a centaur warrior
 11352 | D:10     | Killed a centaur warrior
 11691 | D:10     | Identified the ring of Weilaar {Contam rC++ EV+5}
 11831 | D:10     | Noticed a two-headed ogre
 12072 | Lair:1   | Entered Level 1 of the Lair of Beasts
 13195 | Lair:2   | Reached skill level 7 in Ice Magic
 13411 | Lair:2   | Noticed Urug
 13488 | Lair:2   | Killed Urug
 13548 | Lair:2   | Noticed a lindwurm
 13675 | Lair:2   | Killed a lindwurm
 14211 | Lair:2   | Reached XP level 12. HP: 55/84 MP: 14/18
 14900 | Lair:2   | Found a hole to the Spider Nest.
 14925 | Lair:2   | Reached *** piety under Ashenzari
 15104 | Lair:2   | Learned a level 5 spell: Metabolic Englaciation
 15341 | Lair:3   | Reached skill level 1 in Polearms
 15341 | Lair:3   | Reached skill level 1 in Evocations
 15776 | Lair:3   | Reached **** piety under Ashenzari
 16262 | Lair:3   | Reached skill level 5 in Spellcasting
 16564 | Lair:3   | Learned a level 5 spell: Freezing Cloud
 17625 | Lair:4   | Reached ***** piety under Ashenzari
 17662 | Lair:4   | Noticed Snorg
 18845 | Lair:5   | Entered Level 5 of the Lair of Beasts
 18845 | Lair:5   | Found a viscous altar of Jiyva.
 18845 | Lair:5   | Found a staircase to the Slime Pits.
 18951 | Lair:5   | Reached XP level 13. HP: 68/92 MP: 25/25
 19090 | Lair:5   | Reached skill level 1 in Fire Magic
 19156 | Lair:5   | Reached skill level 1 in Necromancy
 20182 | Lair:5   | Noticed an ice dragon
 20367 | Lair:5   | Reached skill level 10 in Armour
 20982 | Lair:5   | Identified the Notes on Excruciating Glamour
 20982 | Lair:5   | Identified a scroll of acquirement
 21000 | Lair:5   | Acquired the +0 pair of gloves of Toloud {rElec Str+3 Int+4
                  | Stlth+}
 21508 | Lair:4   | Reached skill level 8 in Ice Magic
 21508 | Lair:4   | Gained mutation: Your large and strong wings let you fly.
                  | [Gargoyle growth]
 21508 | Lair:4   | Reached XP level 14. HP: 99/99 MP: 24/28
 21683 | Lair:4   | Killed Snorg
 21684 | Lair:4   | Reached skill level 5 in Polearms
 21769 | D:10     | Learned a level 4 spell: Fulminant Prism
 21777 | D:10     | Learned a level 7 spell: Ozocubu's Refrigeration
 21782 | D:10     | Learned a level 3 spell: Swiftness
 22493 | D:11     | Found a gate leading to a gauntlet.
 22518 | Gauntlet | Entered a Gauntlet
 22518 | Gauntlet | Found a transporter.
 22518 | Gauntlet | Found a transporter.
 22546 | Gauntlet | Found a transporter.
 22549 | Gauntlet | Found a transporter.
 22552 | Gauntlet | Found a transporter.
 22552 | Gauntlet | Found a transporter.
 22625 | Gauntlet | Found a transporter.
 22627 | Gauntlet | Gained mutation: You are vulnerable to cold. (rC-) [a
                  | shining eye]
 22691 | Gauntlet | Identified the -2 cloak of Daron {rN+}
 22691 | Gauntlet | Found a transporter.
 22705 | Gauntlet | Found a transporter.
 22705 | Gauntlet | Found a transporter.
 22754 | Gauntlet | Noticed a quicksilver ooze
 22755 | Gauntlet | Identified the ring "Gitieman" {rN+ EV+5 Str+3 Dex-2}
 22757 | Gauntlet | Found a transporter.
 23024 | Gauntlet | Identified the +0 hat of Eye-covered Freedom {Drain rPois
                  | rF+ rN++}
 23026 | Gauntlet | Found a transporter.
 23336 | D:11     | Found a staircase to the Orcish Mines.
 23419 | Orc:1    | Entered Level 1 of the Orcish Mines
 24204 | Orc:2    | Entered Level 2 of the Orcish Mines
 24220 | Orc:2    | Noticed Donald
 24231 | Orc:2    | Killed Donald
 24406 | Orc:2    | Found Kidel's Antique Armour Boutique.
 24455 | Orc:2    | Found a staircase to the Elven Halls.
 24472 | Orc:2    | Noticed Erolcha
 24477 | Abyss:1  | Cast into level 1 of the Abyss (Erolcha)
 24478 | Abyss:1  | Reached skill level 9 in Ice Magic
 24789 | Abyss:1  | Noticed a green very ugly thing
 24790 | Abyss:1  | Noticed a starcursed mass
 24809 | Abyss:1  | Found a corrupted altar of Lugonu.
 24811 | Abyss:1  | Noticed a bone dragon
 24851 | Abyss:1  | Found a corrupted altar of Lugonu.
 24861 | Abyss:1  | Noticed a starcursed mass
 24864 | Abyss:1  | Found a corrupted altar of Lugonu.
 24930 | Abyss:1  | Found a corrupted altar of Lugonu.
 24984 | Abyss:2  | Found a corrupted altar of Lugonu.
 25056 | Abyss:3  | Noticed a bone dragon
 25084 | Orc:2    | Escaped the Abyss
 25544 | Orc:2    | Found Oresmoni's Magic Scroll Emporium.
 25544 | Orc:2    | Found Bustuc's Jewellery Shoppe.
 25604 | Orc:2    | Found Sugaczoj's Armour Shoppe.
 25607 | Orc:2    | Found Loomor's Book Emporium.
 25615 | Orc:2    | Bought a book of Misfortune for 540 gold pieces
 25620 | Orc:2    | Bought a scroll of blinking for 120 gold pieces
 25620 | Orc:2    | Bought a scroll of teleportation for 48 gold pieces
 25620 | Orc:2    | Bought a scroll of teleportation for 48 gold pieces
 27235 | D:12     | Reached XP level 15. HP: 104/104 MP: 30/30
 27480 | D:12     | Noticed a tengu reaver
 27481 | D:12     | Found a runed translucent door.
 28001 | D:13     | Found a broken altar of Ashenzari.
 28135 | D:13     | Reached skill level 10 in Ice Magic
 28183 | D:13     | Found a gate to the Vaults.
 28869 | D:14     | Reached skill level 5 in Dodging
 29105 | D:13     | Learned a level 5 spell: Yara's Violent Unravelling
 29869 | Orc:2    | Bought a scroll of enchant armour for 120 gold pieces
 29869 | Orc:2    | Bought a scroll of fog for 64 gold pieces
 30135 | D:14     | Noticed Frances
 30170 | D:14     | Killed Frances
 30171 | D:14     | Reached skill level 1 in Transmutations
 30438 | D:14     | Found a hazy altar of Hepliaklqana.
 30635 | D:14     | Noticed Rupert
 30649 | D:15     | Entered Level 15 of the Dungeon
 30653 | D:15     | Found a staircase to the Depths.
 30656 | D:15     | Reached skill level 11 in Ice Magic
 30669 | D:14     | Paralysed by an orc sorcerer for 2 turns
 30890 | D:15     | Reached skill level 5 in Hexes
 31996 | Spider:1 | Entered Level 1 of the Spider Nest
 32021 | Spider:1 | Noticed an emperor scorpion
 32073 | Shoals:1 | Entered Level 1 of the Shoals
 32073 | Shoals:1 | Found Moumocagh's Antique Armour Emporium.
 32235 | Shoals:1 | Reached skill level 12 in Ice Magic
 32299 | Shoals:1 | Found a frozen archway.
 32308 | IceCv    | Entered an ice cave
 32768 | IceCv    | Reached XP level 16. HP: 114/114 MP: 33/33
 34353 | IceCv    | Identified the ring "Vatyc" {Ice rElec Int+3}
 34553 | Shoals:1 | Found Ygeottom's Magic Scroll Shop.
 34562 | Shoals:1 | Learned a level 6 spell: Simulacrum
 34567 | Shoals:1 | Learned a level 4 spell: Dispel Undead
 34574 | Shoals:1 | Bought a scroll of butterflies for 64 gold pieces
 34615 | Shoals:1 | Found Moxzach's Jewellery Shop.
 34836 | Shoals:1 | Identified Roxanne's Codex of Shaping
 34836 | Shoals:1 | Noticed Roxanne
 34947 | Shoals:1 | Killed Roxanne
 35385 | Shoals:2 | Reached skill level 5 in Necromancy
 35385 | Shoals:2 | Reached skill level 13 in Ice Magic
 36148 | Shoals:2 | Reached skill level 15 in Fighting
 36464 | Shoals:3 | Noticed Bai Suzhen
 36578 | Shoals:3 | Noticed Ilsuiw
 36859 | Shoals:3 | Reached skill level 14 in Ice Magic
 37185 | Shoals:4 | Entered Level 4 of the Shoals
 37428 | Shoals:4 | Upgraded the game from 0.31-a0-236-g9a0961fb85 to
                  | 0.31-a0-237-g2d982f9f85
 37479 | Shoals:4 | Reached XP level 17. HP: 103/120 MP: 13/34
 37741 | Shoals:4 | Reached skill level 15 in Ice Magic
 38530 | Shoals:4 | Reached skill level 10 in Spellcasting
 38750 | Shoals:4 | Noticed a sphinx
 39000 | Shoals:4 | Got a barnacled rune of Zot
 39366 | Spider:1 | Noticed Aizul
 39620 | D:5      | Bought a transparent war axe for 178 gold pieces
 39620 | D:5      | Identified the +7 war axe of Caeduminy {heavy, Int+3} (You
                  | bought it in a shop on level 5 of the Dungeon)
 39623 | D:5      | Bought a fading mace for 168 gold pieces
 39623 | D:5      | Identified the +3 mace of Context {freeze, Fly rF++} (You
                  | bought it in a shop on level 5 of the Dungeon)
 40030 | Spider:1 | Killed Aizul
 40737 | Spider:1 | Reached skill level 10 in Shields
 40983 | Spider:2 | Reached XP level 18. HP: 128/128 MP: 25/36
 41131 | Spider:2 | Noticed Azrael
 41145 | Spider:2 | Killed Azrael
 41305 | Spider:2 | Found the +13 scythe of Curses {drain, curses, Drain}
 42006 | Spider:2 | Reached skill level 16 in Ice Magic
 42234 | Spider:3 | Noticed Mara
 42236 | Spider:3 | Noticed coffeetime's illusion
 42259 | Spider:3 | Noticed Nikola
 42296 | Spider:2 | Reduced skill Shapeshifting to level 1
 42296 | Spider:2 | Upgraded the game from 0.31-a0-237-g2d982f9f85 to
                  | 0.31-a0-246-g8cbcc1cb85
 42661 | Spider:2 | Reached skill level 5 in Evocations
 42708 | Spider:3 | Killed Nikola
 42864 | Spider:3 | Noticed coffeetime's illusion
 42988 | Spider:4 | Entered Level 4 of the Spider Nest
 43379 | Spider:4 | Identified the +4 spear of the Abyss {drain, Str+5}
 44438 | Spider:4 | Reached XP level 19. HP: 121/136 MP: 33/38
 44548 | Spider:4 | Reached skill level 17 in Ice Magic
 44850 | Spider:4 | Identified the +1 pair of gloves of Eliwn {-Cast rN+ Regen+
                  | Str+2}
 44880 | Spider:4 | Got a gossamer rune of Zot
 45261 | Orc:2    | Bought a Necronomicon for 810 gold pieces
 45261 | Orc:2    | Bought a book of the Moon for 600 gold pieces
 45285 | Orc:2    | Killed Erolcha
 45354 | Elf:1    | Entered Level 1 of the Elven Halls
 45512 | Elf:1    | Reached skill level 1 in Summonings
 45662 | Elf:1    | Found a radiant altar of Vehumet.
 46062 | Elf:1    | Learned a level 6 spell: Leda's Unmaking
 46088 | Abyss:3  | Cast into level 3 of the Abyss (a deep elf sorcerer)
 46099 | Elf:1    | Escaped the Abyss
 46619 | Elf:1    | Noticed a Hell Sentinel
 46621 | Elf:1    | Reached skill level 5 in Earth Magic
 47387 | Elf:2    | Reached XP level 20. HP: 142/142 MP: 26/39
 47388 | Elf:2    | Reached XP level 21. HP: 147/147 MP: 27/40
 47655 | Elf:2    | Found a huge runed translucent gate.
 47655 | Elf:2    | Found a huge runed translucent gate.
 47655 | Elf:2    | Found a huge runed translucent gate.
 47657 | Elf:2    | Found a huge runed translucent gate.
 47658 | Elf:2    | Found a huge runed translucent gate.
 47885 | Elf:3    | Entered Level 3 of the Elven Halls
 48637 | Abyss:3  | Cast into level 3 of the Abyss (a deep elf sorcerer)
 48738 | Elf:3    | Escaped the Abyss
 48751 | Elf:3    | Reached XP level 22. HP: 120/153 MP: 8/41
 48922 | Elf:3    | Identified the +4 broad axe "Inupruih" {protect, Drain rF+
                  | Int+2}
 48962 | Elf:3    | Identified the +6 war axe "Xogotuf" {vamp, *Corrode +Blink
                  | Int+4}
 48962 | Elf:3    | Identified the ring "Hyzxitoq" {Will++ Str+6 Stlth-}
 49082 | Elf:3    | Identified the +0 halberd of War {heavy, Drain rPois rN+
                  | Str+2}
 49387 | Elf:3    | Identified the staff "Qytyext" {rF+ Will+ Fire}
 49388 | Elf:3    | Identified the staff of the Eleven Spirits {Str+3 Int+2
                  | Summ Earth}
 49417 | Elf:3    | Identified the Atlas of Combustion
 49732 | D:11     | Gained mutation: You are frail. (-10% HP) [mutagenic glow]
 49813 | Vaults:1 | Entered Level 1 of the Vaults
 49814 | Vaults:1 | Lost mutation: You are vulnerable to cold. (rC-) [potion of
                  | mutation]
 49814 | Vaults:1 | Lost mutation: You are frail. (-10% HP) [potion of
                  | mutation]
 49814 | Vaults:1 | Gained mutation: Your natural rate of healing is unusually
                  | fast. [potion of mutation]
 49814 | Vaults:1 | Gained mutation: You are clumsy. (Dex -2) [potion of
                  | mutation]
 49814 | Vaults:1 | Gained mutation: Your movements are slightly less
                  | encumbered by armour. (ER -2) [potion of mutation]
 49875 | Vaults:1 | Identified Ukil's Volume of the Morgue
 50637 | Vaults:1 | Identified the +10 flail of Generosity {spect, rElec
                  | Stlth+}
 51394 | Vaults:1 | Reached skill level 5 in Summonings
 51842 | Vaults:2 | Reached skill level 10 in Evocations
 52267 | Vaults:2 | Reached skill level 15 in Spellcasting
 53110 | Vaults:2 | Reached XP level 23. HP: 158/158 MP: 26/46
 53162 | Vaults:2 | Identified the +3 dagger of Ufostramp {heavy, rPois}
 53197 | Vaults:2 | Found Bowaga's Antique Armour Emporium.
 53240 | Vaults:2 | Learned a level 7 spell: Haunt
 53243 | Vaults:2 | Learned a level 2 spell: Blink
 53467 | Vaults:3 | Found a staircase to the Crypt.
 54064 | Vaults:4 | Found Ceug's Magic Scroll Shop.
 54878 | Vaults:4 | Found Fefar's General Store.
 54998 | Vaults:4 | Reached skill level 18 in Ice Magic
 55106 | Vaults:4 | Found Roshref's General Store.
 55112 | Vaults:4 | Bought a wand of charming (6) for 316 gold pieces
 55112 | Vaults:4 | Bought a scroll of teleportation for 66 gold pieces
 55421 | Vaults:4 | Found Moimp's Antique Armour Shop.
 56411 | Vaults:4 | Identified the +4 arbalest of Charmed Guilt {heavy, rPois
                  | Str+3}
 56411 | Vaults:4 | Identified the +10 arbalest "Jedgh" {heavy, Will+}
 56533 | Vaults:4 | Upgraded the game from 0.31-a0-246-g8cbcc1cb85 to
                  | 0.31-a0-345-g1ebeae05c6
 56539 | Vaults:4 | Learned a level 5 spell: Borgnjor's Vile Clutch
 56786 | Depths:1 | Entered Level 1 of the Depths
 56846 | Depths:1 | Found a one-way gateway to a ziggurat.
 56900 | Depths:1 | Found a runed translucent gate.
 56900 | Depths:1 | Found a runed translucent gate.
 56901 | Depths:1 | Found a runed translucent gate.
 56901 | Depths:1 | Noticed Xutext's ghost (adept DsAK)
 57103 | Depths:1 | Found a gateway to Hell.
 57295 | Depths:1 | Found a glowing golden altar of the Shining One.
 57353 | Depths:1 | Identified the ring of Vecsynn {rF- rC+ AC+4 Int+3}
 57492 | Depths:1 | Reached XP level 24. HP: 159/164 MP: 23/48
 57611 | Depths:1 | Found a viscous altar of Jiyva.
 57696 | Depths:2 | Learned a level 8 spell: Borgnjor's Revivification
 57697 | Depths:2 | Found a stormy altar of Qazlal.
 57769 | Depths:2 | Found Qargherph's Assorted Antiques.
 57797 | Depths:2 | Bought a scroll of fear for 140 gold pieces
 57797 | Depths:2 | Bought a potion of cancellation for 280 gold pieces
 57797 | Depths:2 | Bought a scroll of fog for 140 gold pieces
 57797 | Depths:2 | Bought a scroll of butterflies for 140 gold pieces
 57797 | Depths:2 | Bought a scroll of fear for 140 gold pieces
 57798 | Depths:2 | Found Qaosillusi's Weapon Shoppe.
 57803 | Depths:2 | Found Qaiggowi's Antique Weapon Emporium.
 57895 | Depths:2 | Found a one-way gate leading to the halls of Pandemonium.
 58308 | Depths:2 | Found Urphotto's Jewellery Boutique.
 58540 | Depths:3 | Reached skill level 10 in Necromancy
 59029 | Depths:3 | Identified the +1 dire flail of Friendship {freeze, Dex+3
                  | SInv}
 59077 | Depths:3 | Found an iron altar of Okawaru.
 59140 | Depths:3 | Identified the +1 trident of the New World {vamp, Dex+4}
 59140 | Depths:3 | Identified the +5 ring mail of Oviohad {Rampage}
 59153 | Depths:3 | Identified the +4 spear "Otipris" {holy, Fragile rElec
                  | rCorr Dex+6}
 59153 | Depths:3 | Identified the +2 war axe "Gubruh" {freeze, rPois Str+5}
 59288 | Depths:3 | Found a white marble altar of Elyvilon.
 59551 | Depths:3 | Found a one-way gate to the infinite horrors of the Abyss.
 59742 | Depths:3 | Noticed Saint Roka
 59760 | Depths:3 | Killed Saint Roka
 60144 | Depths:4 | Entered Level 4 of the Depths
 60240 | Depths:4 | Found a transporter.
 60249 | Depths:4 | Noticed Walofim's ghost (adept DrSh)
 60249 | Depths:4 | Noticed a caustic shrike
 60249 | Depths:4 | Identified the +1 cloak of Spring Thaw {rN+ Str+3}
 60250 | Depths:4 | Noticed a caustic shrike
 60278 | Depths:4 | Found a transporter.
 60281 | Depths:4 | Identified the ring "Uweo" {Ice +Blink rPois Dex+5 Slay-4
                  | SInv}
 60302 | Depths:4 | Noticed a juggernaut
 60325 | Depths:4 | Noticed a caustic shrike
 60325 | Depths:4 | Noticed a caustic shrike
 60559 | Depths:4 | Noticed a caustic shrike
 60561 | Depths:4 | Noticed a caustic shrike
 60574 | Depths:4 | Killed a caustic shrike
 60578 | Depths:4 | Killed a caustic shrike
 60585 | Depths:4 | Killed a caustic shrike
 60595 | Depths:4 | Killed a caustic shrike
 60698 | Depths:4 | Found a gate to the Realm of Zot.
 60988 | Depths:4 | Identified the +7 trident of Hard Scrabble {speed, Int+2}
 61005 | Depths:4 | Identified the +8 battleaxe "Yrch" {freeze, Str+2 Int+6}
 61144 | Depths:4 | Found a radiant altar of Vehumet.
 61468 | Depths:4 | Killed a juggernaut
 62038 | Slime:1  | Entered Level 1 of the Pits of Slime
 62271 | Slime:3  | Reached XP level 25. HP: 169/169 MP: 30/49
 62784 | Slime:4  | Reached skill level 19 in Ice Magic
 63088 | Slime:5  | Entered Level 5 of the Pits of Slime
 63191 | Slime:5  | Gained mutation: You are very clumsy. (Dex -4) [a shining
                  | eye]
 63248 | Slime:5  | Identified the +1 ring mail of Patience {rC+ Will+ MP+9}
 63349 | Slime:5  | Noticed Dissolution
 63531 | Slime:5  | Identified the +8 sling "Owuascho" {flame, rElec Will+}
 63543 | Slime:5  | Noticed the Royal Jelly
 63678 | Slime:5  | Killed the Royal Jelly
 64122 | Slime:5  | Killed Dissolution
 64637 | Slime:5  | Got a slimy rune of Zot
 65930 | Vaults:5 | Entered Level 5 of the Vaults
 66165 | Vaults:5 | Identified the +5 rapier of Ladaosah {venom, Int+3}
 66280 | Vaults:5 | Identified Sif Muna's Commentary on the Nimbus
 66332 | Vaults:5 | Reached skill level 20 in Ice Magic
 66543 | Vaults:5 | Reached XP level 26. HP: 175/175 MP: 49/49
 66827 | Vaults:5 | Identified the staff "Qeylonode" {Drain rPois rCorr Earth}
 66879 | Vaults:5 | Got a silver rune of Zot
 67179 | Vaults:5 | Reached ****** piety under Ashenzari
 67222 | Vaults:5 | Identified the +10 broad axe of Currency {elec, rF+ Str+2}
 67562 | Vaults:5 | Noticed Xtahua
 67571 | Vaults:5 | Killed Xtahua
 68044 | Zot:1    | Entered Level 1 of the Realm of Zot
 68112 | Zot:1    | Reached skill level 21 in Ice Magic
 68338 | Zot:2    | Reached skill level 15 in Evocations
 69258 | Zot:5    | Entered Level 5 of the Realm of Zot
 70127 | Zot:5    | Noticed a dread lich
 70133 | Zot:5    | Killed a dread lich
 70134 | Zot:5    | Reached XP level 27. HP: 188/188 MP: 41/51
 70175 | Zot:5    | Gained mutation: You occasionally lose the ability to drink
                  | potions when taking damage. [mutagenic glow]
 70274 | Zot:5    | Lost mutation: You are very clumsy. (Dex -4) [potion of
                  | mutation]
 70274 | Zot:5    | Lost mutation: Your movements are slightly less encumbered
                  | by armour. (ER -2) [potion of mutation]
 70274 | Zot:5    | Gained mutation: Your spells are a little easier to cast,
                  | but a little less powerful. [potion of mutation]
 70274 | Zot:5    | Lost mutation: Your spells are a little easier to cast, but
                  | a little less powerful. [potion of mutation]
 70275 | Zot:5    | Lost mutation: You occasionally lose the ability to drink
                  | potions when taking damage. [potion of mutation]
 70275 | Zot:5    | Lost mutation: You are clumsy. (Dex -2) [potion of
                  | mutation]
 70275 | Zot:5    | Gained mutation: You have an increased reservoir of magic.
                  | (+10% MP) [potion of mutation]
 70275 | Zot:5    | Gained mutation: Your flesh is cold resistant. (rC+)
                  | [potion of mutation]
 70275 | Zot:5    | Gained mutation: You have a pair of small horns on your
                  | head. [potion of mutation]
 70275 | Zot:5    | Gained mutation: You have a considerably increased
                  | reservoir of magic. (+20% MP) [potion of mutation]
 70821 | Zot:5    | Got the Orb of Zot
 70901 | Zot:3    | Noticed an orb of fire
 70913 | Zot:3    | Gained mutation: You sometimes lose your temper in combat.
                  | [an orb of fire]
 70967 | Zot:2    | Noticed an orb of fire
 71154 | Depths:1 | Reached skill level 15 in Necromancy
 71347 | D:11     | Noticed Qoxokuod the pandemonium lord
 71606 | D:$      | Escaped with the Orb!

Illustrated notes

Levels and vault maps discovered:
D:1:      sevenhm_arrival_forest_fort_large_2, layout_loops_cross
D:2:      layout_basic, st_stairs_13, hangedman_decor_points,
          kennysheep_generic_room_12, uniq_robin, uniq_terence
D:3:      layout_basic, grunt_ashenzari_visionary
          [grunt_ashenzari_visionary_shoals, grunt_ashenzari_visionary_spider],
          hellmonk_ecumenical_altar_leap_of_faith
D:4:      layout_gridville, grunt_temple_overflow_opulence,
          mainiacjoe_overflow_small_starburst, bh_walls_and_bars, uniq_eustachio
D:5:      layout_basic, minmay_temple_entry_ruins, serial_shops, shop
D:6:      layout_loops_corners, lemuel_round_altar, st_stairs_7, minmay_between,
          uniq_blork_the_orc, uniq_maggie
D:7:      nzn_winding_woodlands_small [nzn_winding_woodlands_5x15_concentric,
          nzn_winding_woodlands_center_diamonds,
          nzn_winding_woodlands_5x15_garden], layout_basic,
          mainiacjoe_overflow_catwalk_spiral
D:8:      minmay_tri_box, layout_basic, xom_teletrap_fun,
          lemuel_coloured_pillars_altar, nicolae_diode_stairs
D:9:      layout_basic, nzn_wu_jian_contemplation, kennysheep_little_box,
          mainiacjoe_overflow_alcove_4, minivault_7
D:10:     kennysheep_windowed_halls, layout_loops_ring, lair_entry_dummy
D:11:     layout_big_octagon, zombieorc2_lemuel, gauntlet_entry_generic,
          fountainhead, hangedman_abyss_or_decor_stabs
D:12:     layout_basic, kennysheep_treasure_room
D:13:     layout_stronghold, david_vaults_2, ashenzari_altar_1
D:14:     layout_small_grid, nzn_hepliaklqana_mist_gate, uniq_frances,
          uniq_rupert
D:15:     hangedman_depths_entry_civil_slaughter, layout_small_grid,
          nicolae_kite_square_tiling_tiny
Temple:   zaba_magenta_temple
Lair:1:   layout_concentric_octagons, infiniplex_staircase_pool,
          grunt_megastairs_4
Lair:2:   layout_chaotic_city, nicolae_shoals_entry_flooding,
          dummy_spider_entry, minivault_25, uniq_urug
Lair:3:   layout_layer_cave, beast_lair_carwin_9
Lair:4:   layout_layer_cave, grunt_megastairs_3, uniq_snorg
Lair:5:   grunt_lair_end_beastmaster, layout_long_grid, slime_entry_1,
          ice2_lemuel
Shoals:1: layout_shoals, serial_shops, shop, nicolae_shop_stone, shop_statue,
          portal_ice_cave_entry_ugly_swarm, nicolae_shoals_loop_pool,
          uniq_roxanne
Shoals:2: layout_shoals, nicolae_shoals_siren_and_animal_friends
Shoals:3: layout_shoals, uniq_ilsuiw, uniq_bai_suzhen
Shoals:4: shoals_end_hellmonk_lost_city
Spider:1: layout_spider_delve, uniq_aizul
Spider:2: layout_spider_delve, nicolae_spider_claw_tunnel, uniq_azrael
Spider:3: nicolae_spider_jumping_over_cracks [nicolae_spider_jumping_sub_rim,
          nicolae_spider_jumping_sub_pools, nicolae_spider_jumping_sub_rim,
          nicolae_spider_jumping_sub_stairs], uniq_mara, uniq_nikola
Spider:4: floodkiller_spider_rune_tomb
Slime:1:  layout_caves
Slime:2:  layout_caves
Slime:3:  layout_caves
Slime:4:  nicolae_slime_spelunking
Slime:5:  slime_pit_nicolae_inversion, uniq_dissolution
Orc:1:    layout_diamond_mine, basic_altar, nicolae_orc_tapped_out
Orc:2:    st_orc_mages, layout_diamond_mine, serial_shops, nicolae_shop_crystal,
          uniq_donald, uniq_erolcha
Elf:1:    eino_elf_arrival_shootout, layout_onion_city, basic_altar,
          hangedman_elf_represent, kilobyte_rumbling_trees
Elf:2:    elven_hall_of_blades_hangedman_alternative [grunt_blade_entry_basic],
          layout_rooms, uniq_agnes
Elf:3:    elf_hall, layout_geoelf_octagon
Vaults:1: nicolae_vaults_shelves_hall, vaults_room_door_hall,
          nicolae_vaults_storage_closets_1, v_alt_pattern_6,
          nicolae_vaults_wrenched, nicolae_vaults_tangram_2, special_room_vaults
          [special_room_orc], hangedman_vaults_capsules,
          nicolae_vaults_cornered_office, v_alt_pattern_3, vaults_dpeg_ring,
          nicolae_vaults_little_squares_3, ontoclasm_vaults_loading_screen,
          nicolae_vaults_hallways_thing, nicolae_vaults_little_squares_4,
          grunt_vaults_hallway_short, layout_vaults_omnibox
Vaults:2: nicolae_vaults_border_crossing, nicolae_vaults_inception_statues,
          nicolae_vaults_offset_grid_hallway_4, vaults_room_corners,
          nicolae_vaults_hexular_roomagon, nicolae_vaults_more_shelving_1,
          nicolae_vaults_tetromino_L_1, ontoclasm_vaults_hangar,
          nicolae_vaults_little_squares_4, layout_vaults_omnicross,
          serial_shops, shop
Vaults:3: minmay_crypt_entry_simple_sparse, v_rooms_2,
          nicolae_vaults_trapezoid_4, nicolae_vaults_weapon_check,
          grunt_vaults_focal, ontoclasm_vaults_decontamination,
          nicolae_vaults_layer_cake_slice, vaults_room_corners,
          nicolae_vaults_turnstiles, nicolae_vaults_doubleplus_tesselated,
          layout_vaults_maze_bifur
Vaults:4: ontoclasm_vaults_shout, hangedman_vaults_unwind,
          nicolae_vaults_layer_cake_slice, v_misc_1, hangedman_vaults_trim,
          nicolae_vaults_windows_and_doors_thing,
          nicolae_vaults_yaktaur_gun_rack, vaults_dpeg_hooks,
          layout_vaults_chaotic_city, serial_shops, nicolae_diamond_shop, shop,
          nicolae_shop_rolling_square, nicolae_shop_stone
Vaults:5: uniq_margery, uniq_xtahua
Depths:1: layout_cave_shapes, enter_ziggurat_e, nicolae_tso_carved_into_rock,
          gammafunk_ghost_ooze, hellmouth_3, kennysheep_generic_room_7
Depths:2: hellmonk_destroyed_diamonds, layout_gridville, serial_shops,
          nicolae_shop_tiny_statue_garden, nicolae_shop_waterfront,
          nicolae_shop_crystal, nicolae_shop_stone, hell_entry,
          nicolae_qazlal_general_emergency, rand_demon_pan_entry_7,
          skrybe_limestone_x, minivault_21, roderic_roman_lattice,
          infiniplex_staircase_pool_2
Depths:3: evilmike_iron_armoury, layout_basic, abyss_entry_crystal,
          elyvilon_altar_4, pf_hell_entry_tar_river, uniq_saint_roka
Depths:4: grunt_zot_entry_pinwheel, layout_gridlike, hangedman_coc_ice_floe,
          nicolae_vehumet_radiance, rand_demon_pan_entry_9,
          hangedman_abyss_entry_splay, gammafunk_ghost_berserking_beasts
Zot:1:    layout_cellular_growth, uniq_parghit
Zot:2:    layout_basic
Zot:3:    layout_concentric_octagons, grunt_megastairs_1
Zot:4:    layout_twisted_circle
Zot:5:    layout_basic, st_stairs_3

Skill      XL: |  1  2  3  4  5  6  7  8  9 10 11 12 13 14 15 16 17 18 19 20 21 22 23 24 25 26 27 |
---------------+----------------------------------------------------------------------------------+-----
Armour         | 2 3 4 5 6 7 8 9 10 11 12 | 12.7
Dodging        | 2 3 4 5 |  5.8
Fighting       | 3 4 5 7 9 10 12 13 14 15 16 17 18 | 18.5
Ice Magic      | 1 2 3 4 5 7 8 9 12 14 15 16 17 18 20 21 | 21.8
Conjurations   | 4 5 |  5.1
Stealth        | 1 2 3 5 7 |  7.7
Shields        | 2 4 5 6 7 8 10 11 12 | 12.0
Earth Magic    | 2 3 6 |  6.5
Hexes          | 1 3 4 5 |  5.0
Spellcasting   | 3 6 8 9 10 11 15 17 18 | 18.6
Polearms       | 3 4 6 7 |  7.8
Evocations     | 2 6 7 9 10 11 13 15 | 15.3
Fire Magic     | 3 |  3.0
Necromancy     | 2 3 4 5 6 7 8 9 11 13 14 15 | 15.0
Transmutations | 2 |  2.3
Shapeshifting  | 1 |  1.9
Summonings     | 3 4 5 6 |  6.8
Maces & Flails | |  3.7
Throwing       | |  0.7

Action                     |  1- 3 |  4- 6 |  7- 9 | 10-12 | 13-15 | 16-18 | 19-21 | 22-24 | 25-27 || total
---------------------------+-------+-------+-------+-------+-------+-------+-------+-------+-------++-------
  Melee: Mace              |   149 |    54 |       |       |       |       |       |       |       ||   203
         Punch             |       |     3 |     5 |       |       |       |       |       |       ||     8
         Spear             |       |   121 |       |       |       |       |       |       |       ||   121
         Long sword        |       |    45 |       |       |       |       |       |       |       ||    45
         Whip              |       |    56 |   423 |  1456 |   385 |       |       |       |       ||  2320
         Trident           |       |       |     6 |       |       |       |       |       |       ||     6
         Demon trident     |       |       |       |    19 |   966 |  1197 |   242 |   850 |  1016 ||  4290
         Staff             |       |       |       |       |       |       |     6 |     3 |       ||     9
         Headbutt          |       |       |       |       |       |       |       |       |    27 ||    27
  Throw: Stone             |       |       |     9 |    36 |    22 |       |       |       |       ||    67
         Dart              |       |       |    12 |     2 |       |     2 |       |       |    18 ||    34
         Boomerang         |       |       |       |       |     6 |     3 |       |       |       ||     9
   Cast: Kiss of Death     |     3 |     2 |       |       |       |       |       |       |       ||     5
         Momentum Strike   |       |       |     3 |     1 |       |       |       |       |       ||     4
         Hailstorm         |       |       |     8 |     7 |     6 |       |       |       |       ||    21
         Ozocubu's Armour  |       |       |     6 |    63 |    36 |    62 |     4 |     7 |    14 ||   192
         Passwall          |       |       |     1 |       |       |       |       |       |       ||     1
         Freezing Cloud    |       |       |       |       |   107 |    52 |     1 |       |       ||   160
         Metabolic Englaci |       |       |       |       |     3 |       |       |       |       ||     3
         Ozocubu's Refrige |       |       |       |       |    82 |   224 |   114 |   395 |   262 ||  1077
         Fulminant Prism   |       |       |       |       |    24 |    35 |       |       |       ||    59
         Swiftness         |       |       |       |       |     2 |     4 |       |       |     1 ||     7
         Yara's Violent Un |       |       |       |       |     2 |     1 |       |     2 |     6 ||    11
         Simulacrum        |       |       |       |       |       |    25 |       |     2 |       ||    27
         Leda's Unmaking   |       |       |       |       |       |       |    17 |     4 |    18 ||    39
         Haunt             |       |       |       |       |       |       |       |    38 |    10 ||    48
         Borgnjor's Vile C |       |       |       |       |       |       |       |    51 |    50 ||   101
         Blink             |       |       |       |       |       |       |       |     2 |     3 ||     5
         Dispel Undead     |       |       |       |       |       |       |       |       |     3 ||     3
 Invoke: Curse Item        |       |       |     2 |     6 |     4 |     2 |       |     1 |     1 ||    16
         Shatter the Chain |       |       |       |       |     5 |       |       |     1 |       ||     6
  Evoke: Wand              |       |       |     1 |       |       |    18 |     3 |       |    38 ||    60
    Use: Scroll            |       |       |     1 |     6 |    21 |     3 |     4 |     6 |    11 ||    52
         Potion            |       |       |       |     6 |     3 |       |     5 |     1 |    15 ||    30
   Stab: Sleeping          |       |       |     3 |     9 |    22 |    12 |     4 |    15 |     4 ||    69
         Distracted        |       |       |       |       |       |     4 |     1 |     1 |     4 ||    10
 Armour: Leather armour    |    68 |   135 |    97 |       |       |       |       |       |       ||   300
         Steam dragon scal |       |       |   129 |   734 |   667 |       |       |       |       ||  1530
         Acid dragon scale |       |       |       |       |    98 |   640 |   111 |   378 |   541 ||  1768
  Dodge: Dodged            |   112 |   163 |   183 |   783 |   676 |   842 |   142 |   249 |   317 ||  3467
  Block: Buckler           |       |       |    53 |   332 |   332 |   189 |       |       |       ||   906
         Reflection        |       |       |       |       |     1 |    21 |    11 |    26 |    15 ||    74
         Kite shield       |       |       |       |       |       |   519 |   165 |   379 |   494 ||  1557

Table legend: (Time is in decaauts)
 A = Elapsed time spent in this place.
 B = Non-inter-level travel time spent in this place.
 C = Inter-level travel time spent in this place.
 D = Time resting spent in this place.
 E = Time spent auto-exploring this place.
 F = Levels seen in this place.
 G = Mean time per level.
                   A        B        C        D        E       F      G
               +--------+--------+--------+--------+--------+-----+--------+
         Total |  70928 |  59453 |  11475 |  12535 |  22254 |  60 | 1182.1 |
       Dungeon |  20619 |  16327 |   4292 |   2081 |   8361 |  15 | 1374.6 |
        Temple |     73 |     55 |     18 |      0 |     50 |   1 |   73.0 |
          Lair |  10453 |   8694 |   1759 |   2349 |   3328 |   5 | 2090.6 |
        Shoals |   5046 |   4319 |    727 |   1139 |   1063 |   4 | 1261.5 |
   Spider Nest |   4869 |   4121 |    748 |   1201 |    717 |   4 | 1217.2 |
    Slime Pits |   2772 |   2308 |    464 |    669 |    709 |   5 |  554.4 |
  Orcish Mines |   2378 |   1525 |    853 |    221 |    549 |   2 | 1189.0 |
   Elven Halls |   4308 |   3480 |    828 |    689 |   1551 |   3 | 1436.0 |
        Vaults |   8766 |   7907 |    859 |   1729 |   3215 |   5 | 1753.2 |
        Depths |   5154 |   4470 |    684 |    155 |   2699 |   4 | 1288.5 |
           Zot |   2929 |   2692 |    237 |    994 |      0 |   5 |  585.8 |
         Abyss |    706 |    706 |      0 |     91 |      2 |   5 |  141.2 |
      Ice Cave |   2088 |   2088 |      0 |   1082 |     10 |   1 | 2088.0 |
      Gauntlet |    761 |    761 |      0 |    135 |      0 |   1 |  761.0 |
               +--------+--------+--------+--------+--------+-----+--------+

Top non-repeatable levels by time:
    D:10: 2815 daAuts
  Lair:3: 2533 daAuts
  Lair:5: 2284 daAuts
Vaults:4: 2201 daAuts
Vaults:1: 2193 daAuts
   IceCv: 2088 daAuts
  Lair:2: 2058 daAuts
Spider:4: 1982 daAuts
  Lair:4: 1856 daAuts
   Elf:1: 1775 daAuts
  Lair:1: 1720 daAuts
     D:8: 1678 daAuts
     D:9: 1676 daAuts
Depths:4: 1667 daAuts
Vaults:5: 1658 daAuts
